 Dungeon Crawl Stone Soup version 0.17-a0-701-gb6462b4 (webtiles) character file.

10209 FedoraBrony69 the Thaumaturge (level 11, -3/57 HPs)
             Began as a Deep Elf Conjurer on Apr 19, 2015.
             Was a Follower of Kikubaaqudgha.
             Slain by an unseen horror (5 damage)
             ... on level 10 of the Dungeon.
             The game lasted 00:45:53 (12360 turns).

FedoraBrony69 the Thaumaturge (Deep Elf Conjurer)  Turns: 12360, Time: 00:45:55

Health: -3/57      AC:  9    Str:  5    XL:     11   Next: 33%
Magic:  19/31      EV: 14    Int: 24    God:    Kikubaaqudgha [*.....]
Gold:   792        SH:  0    Dex: 15    Spells: 6 memorised, 19 levels left

rFire  + . .     SeeInvis .     g - +0 dagger (protect) (curse)
rCold  x . .     Clarity  .     a - +0 robe
rNeg   + . .     SustAb   .     (no shield)
rPois  .         Gourm    .     n - -2 helmet (curse)
rElec  .         Spirit   .     Y - +0 cloak
rCorr  .         Warding  .     s - +1 pair of gloves
rMut   .         Stasis   .     (no boots)
MR     +....                    o - amulet of regeneration
Stlth  +++.......               S - ring of Lemuaz {+Fly rF+ rC- rN+ Stlth+}
                                Q - ring of wizardry

@: very slightly contaminated, invisible, somewhat resistant to hostile
enchantments, fairly stealthy
A: no striking features
a: Receive Corpses, Renounce Religion, Evoke Flight


You were on level 10 of the Dungeon.
You worshipped Kikubaaqudgha.
Kikubaaqudgha was aware of your devotion.
You were near starving.

You visited 2 branches of the dungeon, and saw 12 of its levels.

You collected 792 gold pieces.

Inventory:

Hand weapons
 g - a cursed +0 dagger of protection (weapon)
 j - a +0 whip
Armour
 a - a +0 robe (worn)
 i - a +3 leather armour
 n - a cursed -2 helmet (worn)
 s - a +1 pair of gloves (worn)
 Y - a +0 cloak (worn)
Jewellery
 o - an amulet of regeneration (around neck)
 t - an uncursed amulet of the gourmand
 I - an uncursed ring of ice
 N - an uncursed ring of wizardry
 Q - a ring of wizardry (left hand)
 S - the ring of Lemuaz (right hand) {+Fly rF+ rC- rN+ Stlth+}
   (You found it on level 9 of the Dungeon)

   [ring of protection from fire]

   It protects you from fire.
   It makes you vulnerable to cold.
   It protects you from negative energy.
   It lets you fly.
   It makes you more stealthy.
 W - an uncursed ring of stealth
 X - an uncursed amulet of rage {unknown}
Magical devices
 y - a wand of digging (24)
 L - a wand of fireball (2)
 T - a wand of digging (0)
 Z - a wand of flame (15)
Scrolls
 d - 5 scrolls of remove curse
 f - a scroll of random uselessness
 k - a scroll of immolation
 p - a scroll of enchant weapon {unknown}
 v - a scroll of blinking {unknown}
 F - a scroll of summoning
 H - a scroll of fear
 U - a scroll of amnesia
Potions
 h - a potion of might
 u - 2 potions of beneficial mutation
 x - a potion of mutation
 A - 3 potions of curing
 B - a potion of berserk rage
 C - a potion of ambrosia
 D - 3 potions of brilliance
 E - 2 potions of poison
 G - a potion of agility
 K - a potion of cancellation
 P - 2 potions of haste
 V - a potion of lignification
Books
 c - a book of Conjurations

   Spells                             Type                      Level
   a - Magic Dart                     Conjuration                  1
   b - Searing Ray                    Conjuration                  2
   c - Dazzling Spray                 Conjuration/Hexes            3
   d - Fulminant Prism                Conjuration/Hexes            4
   e - Iskenderun's Mystic Blast      Conjuration                  4
   f - Iskenderun's Battlesphere      Conjuration/Charms           5
 q - Kikubaaqudgha's Reference Book on Evil
   (Kikubaaqudgha gifted it to you on level 9 of the Dungeon)

   Spells                             Type                      Level
   a - Pain                           Necromancy                   1
   b - Corpse Rot                     Necromancy                   2
   c - Sublimation of Blood           Necromancy                   2
   d - Regeneration                   Charms/Necromancy            3
   e - Control Undead                 Necromancy                   4
 w - a book of Flames

   Spells                             Type                      Level
   a - Flame Tongue                   Conjuration/Fire             1
   b - Throw Flame                    Conjuration/Fire             2
   c - Conjure Flame                  Conjuration/Fire             3
   d - Inner Flame                    Hexes/Fire                   3
   e - Sticky Flame                   Conjuration/Fire             4
   f - Fireball                       Conjuration/Fire             5
 M - a book of Clouds

   Spells                             Type                      Level
   a - Mephitic Cloud                 Conjuration/Poison/Air       3
   b - Conjure Flame                  Conjuration/Fire             3
   c - Poisonous Cloud                Conjuration/Poison/Air       6
   d - Freezing Cloud                 Conjuration/Ice/Air          6
   e - Ring of Flames                 Charms/Fire                  7
Comestibles
 b - 8 bread rations
 l - 2 meat rations
 r - 2 beef jerkies
 z - a slice of pizza
 O - 26 fruits


   Skills:
 + Level 2.0 Fighting
 + Level 2.1 Armour
 + Level 3.7 Dodging
 - Level 2.4 Stealth
 * Level 14.5 Spellcasting
 - Level 12.2 Conjurations
 - Level 9.0 Charms
 * Level 4.3 Necromancy


You had 19 spell levels left.
You knew the following spells:

 Your Spells              Type           Power        Failure   Level  Hunger
a - Magic Dart            Conj           ####         1%          1    None
b - Iskenderun's Battles  Conj/Chrm      ######..     1%          5    ##.....
c - Iskenderun's Mystic   Conj           ######..     1%          4    None
d - Sublimation of Blood  Necr           #####.....   1%          2    None
e - Regeneration          Chrm/Necr      #####.....   1%          3    None
f - Fireball              Conj/Fire      #####.....   4%          5    ##.....


Dungeon Overview and Level Annotations

Branches:
Dungeon (11/15)            Temple (1/1) D:6
   Lair: D:8-11         Orc: D:9-12

Altars:
Ashenzari
Cheibriados
Dithmenos
Elyvilon
Fedhas
Gozag
Kikubaaqudgha
Makhleb
Nemelex Xobeh
Okawaru
Qazlal
Ru
Sif Muna
Trog
Vehumet
Xom
Yredelemnul
Zin
The Shining One


Message History

The mystic blast hits your giant frog.
Your giant frog is heavily wounded.
Something hits you but does no damage. Something hits you.
* * * LOW HITPOINT WARNING * * *
Casting: Iskenderun's Mystic Blast
Confirm with . or Enter, or press ? or * to list all spells.
Aiming: Iskenderun's Mystic Blast
Press: ? - help, Shift-Dir - straight line Really fire at your troll? [Y]es or [N]o only, please.
Really fire at your troll?
The orb of energy explodes!
The mystic blast hits the giant frog.
The giant frog is severely wounded.
The mystic blast hits your troll.
Your troll is heavily wounded.
Something hits you.
* * * LOW HITPOINT WARNING * * *
Something hits you.
You die...
Kikubaaqudgha rasps: "You have failed me!
Welcome... death!"

.............⌠.....≈≈≈......##...
#.......#..........≈≈≈......####.
.......#...........≈.≈.....># #.
...........##......≈≈≈......# ##
...........##⌠.....≈≈≈......# ##
###.......################### #.
#......## ########### ##.
#......## ##..T......## ##..
#.......## ###@F#........# #...
#...#....###.########....###...
#...##....#.## ##....#...#
##..####....## ###..>...# #...#
##...# ##...... #.(.# ##..##
##).... #...# ##....### ##))..
#..####.......### #<)..
##..###..........## ##...


You could see a troll and a giant frog.

Vanquished Creatures
  Erica (D:8)
  The ghost of chequers the Severer, an experienced MiFi of Gozag (D:9)
  An ice statue (D:10)
  A hill giant (D:9)
  A gargoyle (D:10)
  A troll (D:8)
  Prince Ribbit (D:8)
  A two-headed ogre (D:8)
  7 yaks
  A spriggan (D:7)
  A wyvern (D:9)
  4 hungry ghosts
  2 hippogriffs
  Menkaure (D:6)
  A wolf (D:9)
  2 sky beasts
  5 phantoms
  4 ice beasts
  A necrophage (D:7)
  2 orc warriors
  10 ogres
  A black bear (D:9)
  A crocodile (D:10)
  2 centaurs
  The ghost of DDCT the Conjurer, an average DECj (D:3)
  3 giant frogs
  A wyvern skeleton (D:7)
  2 big kobolds
  4 scorpions
  3 jellies
  5 crimson imps
  3 wights (D:6)
  A quasit (D:9)
  A centaur zombie (D:10)
  5 orc priests
  5 orc wizards
  6 hounds
  5 iguanas
  2 giant frog skeletons
  7 worker ants
  Terence (D:2)
  A killer bee zombie (D:8)
  13 gnolls
  2 hound skeletons
  A worker ant zombie (D:9)
  15 adders
  A shadow imp (D:5)
  4 white imps (D:9)
  A worker ant simulacrum (D:9)
  3 adder skeletons
  An adder zombie (D:8)
  3 worms
  5 giant geckos
  27 orcs
  17 bats
  A bat skeleton (D:6)
  2 bat zombies (D:5)
  4 giant cockroaches
  15 hobgoblins
  4 jackals (D:2)
  4 quokkas
  5 ball pythons
  6 giant newts
  14 goblins
  A jackal skeleton (D:6)
  A jackal zombie (D:6)
  20 kobolds
  13 rats
292 creatures vanquished.

Vanquished Creatures (others)
  A kobold (D:10)
1 creature vanquished.

Grand Total: 293 creatures vanquished

Notes
Turn   | Place    | Note
--------------------------------------------------------------
     0 | D:1      | FedoraBrony69, the Deep Elf Conjurer, began the quest for the Orb.
     0 | D:1      | Reached XP level 1. HP: 10/10 MP: 6/6
   176 | D:1      | Reached XP level 2. HP: 15/15 MP: 4/8
   300 | D:1      | Reached XP level 3. HP: 17/19 MP: 0/10
   334 | D:1      | Reached skill level 5 in Conjurations
   826 | D:2      | Found a burning altar of Makhleb.
   828 | D:2      | Noticed an Executioner
   830 | D:2      | Found a glowing silver altar of Zin.
   830 | D:2      | Noticed an angel
  1006 | D:2      | Noticed Terence
  1015 | D:2      | Killed Terence
  1015 | D:2      | Reached XP level 4. HP: 22/24 MP: 3/12
  1168 | D:2      | Reached skill level 5 in Spellcasting
  1199 | D:2      | Learned a level 4 spell: Iskenderun's Mystic Blast
  1884 | D:3      | Reached XP level 5. HP: 23/28 MP: 9/14
  1903 | D:3      | Learned a level 5 spell: Iskenderun's Battlesphere
  1969 | D:3      | Found an iron altar of Okawaru.
  1989 | D:3      | Noticed DDCT's ghost (average DECj)
  2124 | D:3      | Killed DDCT's ghost
  2124 | D:3      | Reached skill level 6 in Conjurations
  2611 | D:4      | Noticed a phantom
  2661 | D:4      | Killed a phantom
  2661 | D:4      | Reached XP level 6. HP: 24/32 MP: 1/17
  3087 | D:4      | Reached skill level 5 in Charms
  3366 | D:4      | Reached XP level 7. HP: 36/36 MP: 5/18
  4088 | D:5      | Entered Level 5 of the Dungeon
  4117 | D:5      | Found an iron altar of Okawaru.
  4169 | D:5      | Reached skill level 7 in Charms
  4715 | D:6      | Reached XP level 8. HP: 41/41 MP: 13/21
  4894 | D:6      | Reached skill level 8 in Spellcasting
  5408 | D:6      | Found a staircase to the Ecumenical Temple.
  5417 | Temple   | Entered the Ecumenical Temple
  5572 | D:6      | Noticed Menkaure
  5577 | D:6      | Killed Menkaure
  5748 | D:6      | Reached skill level 9 in Spellcasting
  6573 | D:7      | Reached XP level 9. HP: 40/45 MP: 1/24
  6834 | D:7      | Reached skill level 10 in Spellcasting
  7674 | D:7      | Reached skill level 11 in Spellcasting
  7907 | D:8      | Reached skill level 10 in Conjurations
  8235 | D:8      | Noticed Erica
  8294 | D:8      | Killed Erica
  8294 | D:8      | Reached skill level 12 in Spellcasting
  8294 | D:8      | Reached XP level 10. HP: 50/50 MP: 5/28
  8675 | D:8      | Found a stormy altar of Qazlal.
  8679 | D:8      | Found a radiant altar of Vehumet.
  8684 | D:8      | Found an ancient bone altar of Kikubaaqudgha.
  8695 | D:8      | Became a worshipper of Kikubaaqudgha
  8877 | D:8      | Noticed Prince Ribbit
  8882 | D:8      | Killed Prince Ribbit
  9199 | D:9      | Reached skill level 13 in Spellcasting
  9619 | D:9      | Found a basalt altar of Yredelemnul.
  9658 | D:9      | Got a smoking steel ring
  9668 | D:9      | Identified the ring of Lemuaz {+Fly rF+ rC- rN+ Stlth+} (You found it on level 9 of the Dungeon)
  9986 | D:9      | Acquired Kikubaaqudgha's first power
  9986 | D:9      | Received a gift from Kikubaaqudgha
  9994 | D:9      | Identified Kikubaaqudgha's Reference Book on Evil (Kikubaaqudgha gifted it to you on level 9 of the Dungeon)
  9998 | D:9      | Learned a level 2 spell: Sublimation of Blood
 10002 | D:9      | Learned a level 3 spell: Regeneration
 10056 | D:9      | Reached skill level 1 in Necromancy
 10273 | D:9      | Reached skill level 1 in Fighting
 10544 | D:9      | Noticed chequers's ghost (experienced MiFi)
 10553 | D:9      | Killed chequers's ghost
 10553 | D:9      | Reached skill level 1 in Armour
 10553 | D:9      | Reached skill level 14 in Spellcasting
 10553 | D:9      | Reached XP level 11. HP: 37/56 MP: 5/31
 10560 | D:9      | Learned a level 5 spell: Fireball
 10770 | D:10     | Entered Level 10 of the Dungeon
 10770 | D:10     | Noticed a hill giant
 10816 | D:9      | Killed a hill giant
 11655 | D:10     | Noticed an ice statue
 11810 | D:10     | Killed an ice statue
 12360 | D:10     | HP: 2/57 [something (5)]
 12360 | D:10     | Slain by an unseen horror

Action                   |  1- 3 |  4- 6 |  7- 9 | 10-12 || total
-------------------------+-------+-------+-------+-------++-------
Melee: Unarmed           |     1 |       |       |       ||     1
       Dagger            |       |    14 |    59 |     1 ||    74
 Cast: Magic Dart        |    67 |   127 |   136 |   127 ||   457
       Iskenderun's Myst |       |    12 |    98 |    77 ||   187
       Iskenderun's Batt |       |       |    16 |    30 ||    46
 Abil: Evoke Flight      |       |       |       |     2 ||     2
  Use: Scroll            |       |       |       |    21 ||    21
       Potion            |       |       |       |     1 ||     1
  Eat: Chunk             |       |     9 |    23 |    12 ||    44
       Pizza             |       |       |       |     1 ||     1
